General information
- name: BNet
- type: Ladder team game (AT/RT)
- host: Battle.net
- saver: bLinn
map: Friends
- players: 8
- length: 67:42
- speed: Fast
- version: 1.21 W3XP
- replay type:

» download(647 KB)
Players
team 1 (loser)
Phyrae (
blue | 86 APM | 4651 actions | 53:59)
6 Archmage
3 Blizzard
2 Brilliance Aura
1 Mass Teleport
6 Blood Mage
3 Flame Strike
2 Banish
1 Summon Phoenix
» actions
| Assign group hotkey | 96 | |
| Basic commands | 572 | |
| Build / train | 171 | |
| ESC pressed | 6 | |
| Enter build submenu | 44 | |
| Enter hero's abilities submenu | 12 | |
| Give item / drop item | 1 | |
| Remove unit from queue | 2 | |
| Right click | 1249 | |
| Select / deselect | 1086 | |
| Select group hotkey | 1289 | |
| Use ability | 123 | |
4651 total
» units
| Peasant | 44 | |
| Footman | 2 | |
| Rifleman | 5 | |
| Priest | 14 | |
| Sorceress | 11 | |
| Mortar Team | 16 | |
| Siege Engine | 19 | |
111 total
» upgrades
| Long Rifles | 1 | |
| Lumber Harvesting | 3 | |
| Priest Training | 2 | |
| Sorceress Training | 2 | |
| Fragmentation Shards | 2 | |
| Flare | 1 | |
| Gunpowder | 3 | |
| Armor | 1 | |
| Barrage | 1 | |
| Control Magic | 1 | |
| Magic Sentry | 1 | |
| Animal War Training | 1 | |
| Defend | 1 | |
| Masonry | 3 | |
| Plating | 3 | |
26 total
» buildings
| Altar of Kings | 1 | |
| Farm | 11 | |
| Barracks | 1 | |
| Scout Tower | 7 | |
| Blacksmith | 1 | |
| Arcane Tower | 2 | |
| Keep | 1 | |
| Lumber Mill | 3 | |
| Arcane Vault | 1 | |
| Arcane Sanctum | 2 | |
| Workshop | 3 | |
| Castle | 1 | |
| Town Hall | 4 | |
| Guard Tower | 4 | |
42 total
» build order
00:09 Altar of Kings
00:23 Farm
00:26 Farm
00:41 Barracks
01:44 Scout Tower
02:08 Farm
02:17 Blacksmith
02:32 Arcane Tower
03:43 Keep
03:50 Lumber Mill
03:55 Lumber Mill
04:15 Farm
04:18 Farm
05:04 Farm
05:38 Arcane Vault
05:48 Farm
06:16 Arcane Sanctum
06:19 Arcane Sanctum
06:28 Workshop
06:49 Scout Tower
07:41 Arcane Tower
08:01 Farm
09:20 Castle
10:23 Farm
15:11 Farm
15:12 Farm
18:21 Town Hall
20:19 Town Hall
33:00 Workshop
33:03 Workshop
36:02 Lumber Mill
38:14 Town Hall
39:17 Scout Tower
39:28 Town Hall
39:30 Scout Tower
39:31 Scout Tower
39:49 Guard Tower
40:00 Guard Tower
47:01 Guard Tower
49:48 Scout Tower
49:52 Scout Tower
50:32 Guard Tower
» items
| Scroll of Regeneration | 1 | |
| Scroll of Town Portal | 5 | |
| Orb of Fire | 2 | |
| Potion of Healing | 2 | |
10 total
rEvErSeDaMaGe (
yellow | 50 APM | 2650 actions | 52:43)
6 Death Knight
3 Death Coil
2 Unholy Aura
1 Animate Dead
6 Lich
3 Frost Nova
2 Dark Ritual
1 Death and Decay
» actions
| Assign group hotkey | 36 | |
| Basic commands | 56 | |
| Build / train | 90 | |
| ESC pressed | 11 | |
| Enter build submenu | 20 | |
| Enter hero's abilities submenu | 12 | |
| Give item / drop item | 3 | |
| Right click | 1365 | |
| Select / deselect | 423 | |
| Select group hotkey | 537 | |
| Use ability | 97 | |
2650 total
» units
| Acolyte | 13 | |
| Ghoul | 4 | |
| Crypt Fiend | 9 | |
| Forest Troll Berserker | 1 | |
| Frost Wyrm | 26 | |
| Goblin Zeppelin | 1 | |
| Goblin Sapper | 1 | |
55 total
» upgrades
| Creature Attack | 3 | |
| Burrow | 1 | |
| Web | 1 | |
| Freezing Breath | 1 | |
| Creature Carapace | 3 | |
9 total
» buildings
| Crypt | 1 | |
| Ziggurat | 9 | |
| Altar of Darkness | 1 | |
| Graveyard | 1 | |
| Tomb of Relics | 1 | |
| Halls of the Dead | 1 | |
| Nerubian Tower | 1 | |
| Black Citadel | 1 | |
| Sacrificial Pit | 1 | |
| Boneyard | 2 | |
19 total
» build order
00:09 Crypt
00:17 Ziggurat
00:41 Altar of Darkness
01:00 Graveyard
01:05 Tomb of Relics
01:51 Ziggurat
03:27 Ziggurat
04:42 Halls of the Dead
06:02 Ziggurat
06:04 Nerubian Tower
08:11 Black Citadel
08:13 Sacrificial Pit
09:22 Ziggurat
09:24 Ziggurat
09:28 Ziggurat
10:48 Boneyard
10:50 Boneyard
15:14 Ziggurat
15:15 Ziggurat
» items
| Rod of Necromancy | 1 | |
| Dust of Appearance | 1 | |
| Orb of Corruption | 2 | |
| Potion of Mana | 1 | |
| Scroll of Restoration | 1 | |
| Potion of Healing | 1 | |
7 total
RGV_Owner (
purple | 116 APM | 7828 actions | 67:35)
7 Tauren Chieftain
3 Shockwave
3 Endurance Aura
1 Reincarnation
6 Pandaren Brewmaster
3 Breath of Fire
2 Drunken Haze
1 Storm Earth and Fire
2 Pit Lord
1 Rain of Fire
1 Howl of Terror
» actions
| Assign group hotkey | 21 | |
| Basic commands | 55 | |
| Build / train | 158 | |
| ESC pressed | 5 | |
| Enter build submenu | 40 | |
| Enter hero's abilities submenu | 16 | |
| Give item / drop item | 6 | |
| Remove unit from queue | 10 | |
| Right click | 3582 | |
| Select / deselect | 1235 | |
| Select group hotkey | 2459 | |
| Use ability | 241 | |
7828 total
» units
| Peon | 41 | |
| Grunt | 1 | |
| Tauren | 11 | |
| Goblin Sapper | 7 | |
| Troll Witch Doctor | 2 | |
| Shaman | 2 | |
| Siege Engine | 9 | |
| Peasant | 6 | |
| Acolyte | 3 | |
82 total
» upgrades
| Reinforced Defenses | 1 | |
| Pulverize | 1 | |
| Witch Doctor Training | 2 | |
| Shaman Training | 2 | |
6 total
» buildings
| Altar of Storms | 1 | |
| Orc Burrow | 11 | |
| War Mill | 1 | |
| Stronghold | 1 | |
| Barracks | 1 | |
| Voodoo Lounge | 2 | |
| Fortress | 5 | |
| Tauren Totem | 2 | |
| Watch Tower | 6 | |
| Spirit Lodge | 4 | |
| Great Hall | 7 | |
| Farm | 2 | |
43 total
» build order
00:24 Altar of Storms
00:36 Orc Burrow
01:57 War Mill
02:18 Stronghold
03:20 Orc Burrow
04:14 Barracks
04:18 Orc Burrow
04:43 Orc Burrow
06:26 Voodoo Lounge
06:39 Fortress
06:39 Fortress
06:39 Fortress
08:46 Orc Burrow
09:10 Tauren Totem
09:13 Tauren Totem
09:43 Orc Burrow
13:10 Watch Tower
13:12 Watch Tower
13:16 Watch Tower
13:29 Watch Tower
13:44 Watch Tower
13:50 Watch Tower
14:19 Orc Burrow
16:08 Orc Burrow
17:22 Orc Burrow
17:26 Orc Burrow
26:40 Spirit Lodge
27:24 Orc Burrow
27:40 Spirit Lodge
29:56 Spirit Lodge
29:57 Spirit Lodge
31:05 Great Hall
31:12 Great Hall
47:41 Great Hall
52:01 Great Hall
56:17 Great Hall
63:42 Voodoo Lounge
64:44 Farm
64:46 Farm
66:09 Great Hall
66:12 Great Hall
» items
| Healing Salve | 13 | |
| Potion of Healing | 3 | |
| Scroll of Speed | 1 | |
| Scroll of Town Portal | 3 | |
| Lesser Clarity Potion | 5 | |
| Potion of Mana | 3 | |
| Orb of Lightning | 1 | |
| Orb of Fire | 1 | |
30 total
RGV_Represent (
pink | 90 APM | 6069 actions | 67:40)
8 Priestess of the Moon
1 Searing Arrows
3 Trueshot Aura
3 Scout
1 Starfall
2 Keeper of the Grove
1 Entangling Roots
1 Thorns Aura
» actions
| Assign group hotkey | 38 | |
| Basic commands | 136 | |
| Build / train | 90 | |
| ESC pressed | 3 | |
| Enter build submenu | 27 | |
| Enter hero's abilities submenu | 11 | |
| Give item / drop item | 1 | |
| Remove unit from queue | 8 | |
| Right click | 2843 | |
| Select / deselect | 1221 | |
| Select group hotkey | 1528 | |
| Use ability | 163 | |
6069 total
» units
| Wisp | 20 | |
| Dryad | 20 | |
| Chimaera | 3 | |
| Hippogryph | 3 | |
| Acolyte | 2 | |
48 total
» upgrades
| Reinforced Hides | 3 | |
| Abolish Magic | 1 | |
| Strength of the Wild | 3 | |
| Ultravision | 1 | |
| Well Spring | 1 | |
| Corrosive Breath | 1 | |
10 total
» buildings
| Altar of Elders | 1 | |
| Moon Well | 8 | |
| Tree of Ages | 3 | |
| Hunter's Hall | 1 | |
| Ancient of Wonders | 1 | |
| Ancient of Lore | 3 | |
| Ancient Protector | 2 | |
| Tree of Eternity | 1 | |
| Ancient of Wind | 1 | |
| Chimaera Roost | 2 | |
| Tree of Life | 2 | |
25 total
» build order
00:07 Altar of Elders
00:17 Moon Well
01:54 Tree of Ages
01:55 Tree of Ages
01:55 Tree of Ages
02:03 Hunter's Hall
02:22 Moon Well
02:59 Moon Well
03:18 Moon Well
03:25 Ancient of Wonders
04:20 Ancient of Lore
04:24 Ancient of Lore
04:30 Moon Well
05:11 Ancient of Lore
07:30 Ancient Protector
08:29 Moon Well
10:51 Tree of Eternity
14:06 Ancient of Wind
15:42 Chimaera Roost
17:03 Tree of Life
17:13 Moon Well
18:07 Chimaera Roost
19:05 Ancient Protector
26:20 Moon Well
28:30 Tree of Life
» items
| Scroll of Town Portal | 1 | |
| Orb of Venom | 1 | |
| Anti-magic Potion | 1 | |
| Staff of Preservation | 1 | |
| Dust of Appearance | 1 | |
| Moonstone | 1 | |
| The Lion Horn of Stormwind | 1 | |
7 total
team 2 (winner)
BEAR_AND (
teal | 92 APM | 6253 actions | 67:40)
6 Pandaren Brewmaster
3 Breath of Fire
2 Drunken Haze
1 Storm Earth and Fire
6 Pit Lord
3 Rain of Fire
2 Howl of Terror
1 Doom
» actions
| Assign group hotkey | 8 | |
| Basic commands | 5 | |
| Build / train | 133 | |
| Enter build submenu | 19 | |
| Enter hero's abilities submenu | 14 | |
| Give item / drop item | 16 | |
| Remove unit from queue | 2 | |
| Right click | 4497 | |
| Select / deselect | 711 | |
| Select group hotkey | 590 | |
| Use ability | 258 | |
6253 total
» units
» upgrades
| Ultravision | 1 | |
| Nature's Blessing | 1 | |
| Well Spring | 1 | |
| Strength of the Wild | 3 | |
| Reinforced Hides | 3 | |
| Moon Armor | 2 | |
| Strength of the Moon | 2 | |
| Corrosive Breath | 1 | |
| Backpack | 1 | |
15 total
» buildings
| Altar of Elders | 1 | |
| Moon Well | 13 | |
| Tree of Ages | 4 | |
| Hunter's Hall | 1 | |
| Tree of Life | 3 | |
| Tree of Eternity | 2 | |
| Ancient of Wonders | 3 | |
| Ancient of Wind | 1 | |
| Chimaera Roost | 4 | |
32 total
» build order
00:07 Altar of Elders
00:10 Moon Well
01:06 Moon Well
03:49 Moon Well
03:51 Moon Well
05:38 Tree of Ages
05:39 Tree of Ages
06:52 Hunter's Hall
08:13 Tree of Life
10:31 Moon Well
12:14 Tree of Eternity
16:10 Tree of Life
25:19 Tree of Life
27:23 Ancient of Wonders
32:19 Ancient of Wonders
38:55 Tree of Ages
41:53 Tree of Eternity
42:35 Ancient of Wind
44:05 Chimaera Roost
44:07 Chimaera Roost
44:08 Chimaera Roost
46:22 Moon Well
46:22 Moon Well
46:23 Moon Well
46:24 Moon Well
46:25 Moon Well
46:25 Moon Well
46:25 Moon Well
46:26 Moon Well
47:51 Ancient of Wonders
» items
| Lesser Clarity Potion | 3 | |
| Scroll of Restoration | 1 | |
| Healing Wards | 1 | |
| Book of the Dead | 1 | |
| Sobi Mask | 3 | |
| Mana Stone | 3 | |
| Ice Shard | 1 | |
| Orb of Lightning | 1 | |
| Scroll of Town Portal | 10 | |
| Healing Salve | 1 | |
| Demonic Figurine | 1 | |
| Stone Token | 1 | |
| Staff of Sanctuary | 2 | |
| Belt of Giant Strength +6 | 1 | |
| Potion of Divinity | 1 | |
| Inferno Stone | 2 | |
33 total
bLinn (
orange | 85 APM | 5722 actions | 67:42)
7 Tauren Chieftain
3 Shockwave
3 Endurance Aura
1 Reincarnation
5 Pandaren Brewmaster
3 Breath of Fire
2 Drunken Brawler
» actions
| Assign group hotkey | 279 | |
| Basic commands | 2 | |
| Build / train | 114 | |
| ESC pressed | 4 | |
| Enter build submenu | 198 | |
| Enter hero's abilities submenu | 12 | |
| Give item / drop item | 9 | |
| Remove unit from queue | 6 | |
| Right click | 2703 | |
| Select / deselect | 974 | |
| Select group hotkey | 926 | |
| Use ability | 495 | |
5722 total
» units
» upgrades
| Reinforced Defenses | 1 | |
| Spiked Barricades | 3 | |
| Armor | 3 | |
| Liquid Fire | 1 | |
8 total
» buildings
| Altar of Storms | 1 | |
| Orc Burrow | 6 | |
| War Mill | 1 | |
| Watch Tower | 192 | |
| Voodoo Lounge | 5 | |
| Stronghold | 3 | |
| Fortress | 1 | |
| Beastiary | 4 | |
| Great Hall | 1 | |
214 total
» build order
00:04 Altar of Storms
00:12 Orc Burrow
00:54 War Mill
01:13 Orc Burrow
02:11 Watch Tower
02:18 Watch Tower
02:22 Watch Tower
02:29 Watch Tower
02:54 Watch Tower
03:14 Voodoo Lounge
03:25 Watch Tower
03:30 Watch Tower
03:44 Watch Tower
04:09 Watch Tower
04:14 Watch Tower
04:30 Watch Tower
04:42 Watch Tower
04:57 Watch Tower
05:32 Stronghold
05:32 Stronghold
05:32 Stronghold
05:40 Watch Tower
05:44 Watch Tower
05:50 Watch Tower
05:52 Watch Tower
06:01 Watch Tower
06:07 Watch Tower
06:10 Watch Tower
06:12 Watch Tower
06:17 Watch Tower
06:18 Watch Tower
07:01 Watch Tower
07:03 Watch Tower
07:04 Watch Tower
07:21 Watch Tower
07:22 Watch Tower
07:35 Orc Burrow
07:44 Watch Tower
07:45 Watch Tower
07:45 Watch Tower
07:48 Watch Tower
07:53 Watch Tower
07:53 Watch Tower
08:26 Fortress
08:38 Watch Tower
08:39 Watch Tower
08:40 Watch Tower
08:47 Watch Tower
09:06 Watch Tower
09:07 Watch Tower
09:09 Watch Tower
09:12 Watch Tower
10:05 Watch Tower
10:25 Watch Tower
10:27 Watch Tower
10:28 Watch Tower
10:39 Watch Tower
10:40 Watch Tower
10:41 Watch Tower
10:45 Watch Tower
10:55 Watch Tower
11:50 Watch Tower
11:50 Watch Tower
12:03 Watch Tower
12:04 Watch Tower
12:05 Watch Tower
12:05 Watch Tower
12:25 Watch Tower
12:26 Watch Tower
12:27 Watch Tower
12:35 Watch Tower
12:45 Watch Tower
12:46 Watch Tower
12:47 Watch Tower
13:45 Watch Tower
13:45 Watch Tower
13:46 Watch Tower
13:46 Watch Tower
13:52 Watch Tower
13:53 Watch Tower
13:58 Watch Tower
14:36 Watch Tower
14:37 Watch Tower
14:37 Watch Tower
14:44 Watch Tower
15:37 Watch Tower
15:37 Watch Tower
15:38 Watch Tower
15:39 Watch Tower
15:40 Watch Tower
15:43 Watch Tower
15:44 Watch Tower
15:45 Watch Tower
16:01 Watch Tower
16:03 Watch Tower
16:32 Beastiary
16:37 Beastiary
16:43 Great Hall
17:25 Watch Tower
17:26 Watch Tower
18:01 Voodoo Lounge
18:06 Watch Tower
18:07 Watch Tower
18:34 Watch Tower
18:35 Watch Tower
19:00 Orc Burrow
19:26 Watch Tower
19:27 Watch Tower
19:39 Watch Tower
20:20 Beastiary
20:21 Beastiary
21:24 Watch Tower
21:25 Watch Tower
21:26 Watch Tower
21:48 Watch Tower
22:07 Voodoo Lounge
22:13 Watch Tower
22:13 Watch Tower
22:13 Watch Tower
23:02 Watch Tower
23:02 Watch Tower
23:03 Watch Tower
23:03 Watch Tower
23:05 Watch Tower
23:30 Watch Tower
23:30 Watch Tower
23:31 Watch Tower
23:31 Watch Tower
24:21 Orc Burrow
24:22 Orc Burrow
25:28 Watch Tower
27:13 Watch Tower
27:13 Watch Tower
27:17 Watch Tower
27:19 Watch Tower
27:20 Watch Tower
27:21 Watch Tower
27:35 Watch Tower
27:36 Watch Tower
27:38 Watch Tower
27:38 Watch Tower
27:39 Watch Tower
27:40 Watch Tower
28:58 Watch Tower
28:58 Watch Tower
28:59 Watch Tower
29:00 Watch Tower
29:01 Watch Tower
29:02 Watch Tower
29:03 Watch Tower
29:04 Watch Tower
30:10 Watch Tower
30:10 Watch Tower
30:11 Watch Tower
30:12 Watch Tower
30:16 Watch Tower
30:18 Watch Tower
30:18 Watch Tower
31:45 Watch Tower
31:46 Watch Tower
31:46 Watch Tower
31:47 Watch Tower
31:48 Watch Tower
31:51 Watch Tower
31:53 Watch Tower
31:53 Watch Tower
31:54 Watch Tower
31:54 Watch Tower
31:55 Watch Tower
31:56 Watch Tower
31:56 Watch Tower
31:57 Watch Tower
33:27 Watch Tower
33:28 Watch Tower
33:29 Watch Tower
36:17 Watch Tower
36:18 Watch Tower
36:19 Watch Tower
36:19 Watch Tower
36:23 Watch Tower
36:24 Watch Tower
36:26 Watch Tower
36:26 Watch Tower
36:27 Watch Tower
36:28 Watch Tower
36:30 Watch Tower
36:30 Watch Tower
36:31 Watch Tower
36:31 Watch Tower
38:15 Watch Tower
38:15 Watch Tower
40:29 Watch Tower
40:31 Watch Tower
40:32 Watch Tower
40:32 Watch Tower
40:33 Watch Tower
43:23 Watch Tower
43:24 Watch Tower
43:28 Watch Tower
43:29 Watch Tower
43:32 Watch Tower
43:33 Watch Tower
45:40 Watch Tower
45:41 Watch Tower
45:42 Watch Tower
45:42 Watch Tower
45:43 Watch Tower
45:45 Watch Tower
45:46 Watch Tower
50:29 Voodoo Lounge
50:31 Voodoo Lounge
64:26 Watch Tower
64:26 Watch Tower
64:28 Watch Tower
» items
| Healing Salve | 5 | |
| Lesser Clarity Potion | 7 | |
| Scroll of Speed | 2 | |
| Orb of Lightning | 3 | |
| Scroll of Regeneration | 2 | |
| Staff of Sanctuary | 2 | |
| Scroll of Town Portal | 7 | |
| Sobi Mask | 1 | |
| Book of the Dead | 1 | |
| Runed Bracers | 1 | |
| Inferno Stone | 1 | |
32 total
iggy_the_fisk (
red | 101 APM | 6860 actions | 67:40)
7 Archmage
3 Blizzard
3 Brilliance Aura
1 Mass Teleport
5 Mountain King
3 Storm Bolt
2 Bash
» actions
| Assign group hotkey | 128 | |
| Basic commands | 3 | |
| Build / train | 284 | |
| Enter build submenu | 208 | |
| Enter hero's abilities submenu | 13 | |
| Give item / drop item | 3 | |
| Remove unit from queue | 2 | |
| Right click | 3253 | |
| Select / deselect | 794 | |
| Select group hotkey | 1597 | |
| Use ability | 574 | |
6860 total
» units
| Peasant | 55 | |
| Dragonhawk Rider | 18 | |
73 total
» upgrades
| Masonry | 3 | |
| Lumber Harvesting | 2 | |
| Magic Sentry | 1 | |
| Swords | 3 | |
| Armor | 3 | |
| Cloud | 1 | |
| Animal War Training | 1 | |
14 total
» buildings
| Altar of Kings | 1 | |
| Farm | 7 | |
| Lumber Mill | 1 | |
| Scout Tower | 285 | |
| Arcane Tower | 6 | |
| Guard Tower | 120 | |
| Arcane Vault | 6 | |
| Keep | 5 | |
| Castle | 1 | |
| Arcane Sanctum | 1 | |
| Town Hall | 3 | |
| Gryphon Aviary | 1 | |
| Blacksmith | 2 | |
| Barracks | 1 | |
440 total
» build order
00:06 Altar of Kings
00:19 Farm
00:43 Farm
00:50 Lumber Mill
01:20 Scout Tower
01:21 Scout Tower
01:56 Arcane Tower
02:04 Scout Tower
02:14 Scout Tower
02:16 Guard Tower
02:21 Scout Tower
03:02 Guard Tower
03:04 Guard Tower
03:09 Scout Tower
03:33 Arcane Vault
03:45 Guard Tower
03:49 Scout Tower
03:50 Scout Tower
04:03 Scout Tower
04:10 Scout Tower
04:11 Scout Tower
04:35 Guard Tower
04:39 Guard Tower
04:40 Scout Tower
04:40 Scout Tower
04:49 Guard Tower
04:50 Scout Tower
04:51 Scout Tower
05:09 Guard Tower
05:25 Keep
05:25 Keep
05:25 Keep
05:36 Guard Tower
05:38 Scout Tower
05:39 Scout Tower
05:54 Guard Tower
06:00 Scout Tower
06:02 Scout Tower
06:02 Scout Tower
06:03 Scout Tower
06:12 Guard Tower
06:30 Guard Tower
06:30 Guard Tower
06:44 Guard Tower
06:44 Guard Tower
06:45 Guard Tower
06:48 Scout Tower
07:37 Guard Tower
07:41 Scout Tower
07:44 Guard Tower
07:46 Scout Tower
07:48 Scout Tower
08:12 Guard Tower
08:26 Scout Tower
08:27 Scout Tower
08:27 Scout Tower
08:28 Scout Tower
08:37 Scout Tower
08:38 Scout Tower
08:43 Guard Tower
08:48 Scout Tower
08:50 Scout Tower
09:27 Arcane Vault
09:28 Guard Tower
09:34 Guard Tower
09:39 Scout Tower
09:44 Guard Tower
09:44 Guard Tower
09:45 Guard Tower
09:48 Scout Tower
10:12 Guard Tower
10:13 Scout Tower
10:15 Guard Tower
10:16 Scout Tower
10:42 Castle
10:47 Guard Tower
10:47 Guard Tower
10:54 Guard Tower
11:03 Guard Tower
11:08 Scout Tower
11:57 Guard Tower
12:01 Scout Tower
12:02 Scout Tower
12:19 Arcane Sanctum
12:40 Town Hall
12:45 Farm
13:18 Guard Tower
13:21 Scout Tower
13:55 Guard Tower
13:58 Scout Tower
13:59 Scout Tower
14:57 Guard Tower
14:58 Scout Tower
14:59 Scout Tower
15:51 Guard Tower
15:52 Scout Tower
15:53 Scout Tower
16:04 Gryphon Aviary
16:06 Blacksmith
16:08 Barracks
16:10 Guard Tower
16:17 Scout Tower
16:18 Scout Tower
16:37 Guard Tower
16:41 Scout Tower
16:42 Scout Tower
18:01 Scout Tower
18:04 Scout Tower
18:06 Scout Tower
18:10 Scout Tower
18:12 Scout Tower
18:15 Scout Tower
18:18 Scout Tower
18:19 Scout Tower
18:25 Guard Tower
18:26 Scout Tower
18:27 Scout Tower
18:33 Farm
18:46 Farm
18:48 Guard Tower
19:11 Scout Tower
19:13 Scout Tower
19:19 Guard Tower
19:21 Scout Tower
19:22 Scout Tower
19:23 Scout Tower
19:36 Guard Tower
20:03 Guard Tower
20:07 Scout Tower
20:08 Scout Tower
20:08 Scout Tower
20:09 Scout Tower
20:10 Scout Tower
20:11 Scout Tower
20:14 Scout Tower
20:15 Scout Tower
20:16 Scout Tower
20:17 Scout Tower
20:19 Guard Tower
20:22 Scout Tower
20:23 Scout Tower
20:28 Guard Tower
20:40 Scout Tower
20:41 Scout Tower
20:56 Guard Tower
20:58 Scout Tower
21:05 Guard Tower
21:25 Guard Tower
21:31 Guard Tower
21:37 Guard Tower
21:38 Scout Tower
22:31 Scout Tower
22:32 Scout Tower
22:54 Scout Tower
22:58 Scout Tower
23:14 Guard Tower
23:16 Scout Tower
23:16 Scout Tower
23:23 Guard Tower
23:25 Scout Tower
23:38 Guard Tower
23:59 Guard Tower
24:00 Scout Tower
24:03 Scout Tower
24:04 Scout Tower
24:12 Scout Tower
24:15 Scout Tower
24:15 Scout Tower
24:32 Guard Tower
24:57 Guard Tower
25:35 Guard Tower
25:36 Scout Tower
25:39 Scout Tower
25:42 Scout Tower
25:45 Scout Tower
25:47 Scout Tower
25:49 Guard Tower
25:56 Farm
25:56 Farm
26:09 Guard Tower
26:15 Town Hall
26:18 Scout Tower
26:19 Scout Tower
26:20 Scout Tower
26:20 Scout Tower
26:21 Scout Tower
26:21 Scout Tower
26:24 Scout Tower
26:25 Scout Tower
26:25 Scout Tower
26:26 Scout Tower
26:27 Scout Tower
26:27 Scout Tower
26:59 Guard Tower
27:22 Guard Tower
27:39 Guard Tower
27:47 Arcane Vault
27:49 Arcane Vault
27:51 Arcane Tower
28:10 Guard Tower
28:13 Scout Tower
28:13 Scout Tower
28:16 Scout Tower
28:17 Scout Tower
28:18 Scout Tower
28:18 Scout Tower
28:22 Scout Tower
28:23 Scout Tower
28:24 Scout Tower
28:25 Scout Tower
28:26 Scout Tower
28:59 Guard Tower
29:03 Scout Tower
29:03 Scout Tower
29:06 Guard Tower
29:09 Scout Tower
29:10 Scout Tower
29:45 Guard Tower
29:50 Guard Tower
30:14 Scout Tower
30:15 Scout Tower
30:16 Scout Tower
30:16 Scout Tower
30:17 Scout Tower
30:17 Scout Tower
30:20 Guard Tower
30:29 Scout Tower
30:30 Scout Tower
30:32 Guard Tower
30:36 Town Hall
30:54 Guard Tower
30:57 Scout Tower
30:58 Scout Tower
30:58 Scout Tower
30:59 Scout Tower
31:00 Scout Tower
31:00 Scout Tower
31:02 Scout Tower
31:03 Scout Tower
31:03 Scout Tower
31:04 Scout Tower
31:05 Scout Tower
31:05 Scout Tower
31:09 Scout Tower
31:10 Scout Tower
31:13 Guard Tower
31:19 Scout Tower
31:19 Scout Tower
31:40 Guard Tower
32:23 Guard Tower
32:38 Scout Tower
32:39 Scout Tower
32:40 Scout Tower
32:40 Scout Tower
32:41 Scout Tower
32:42 Scout Tower
32:43 Scout Tower
33:05 Guard Tower
33:09 Guard Tower
33:24 Guard Tower
33:49 Guard Tower
33:49 Guard Tower
34:08 Guard Tower
34:47 Guard Tower
35:12 Guard Tower
35:24 Guard Tower
36:15 Guard Tower
37:22 Arcane Vault
37:25 Scout Tower
37:28 Scout Tower
37:29 Guard Tower
37:31 Scout Tower
37:31 Scout Tower
37:34 Scout Tower
38:04 Guard Tower
38:12 Scout Tower
39:03 Guard Tower
39:19 Scout Tower
39:20 Scout Tower
39:21 Scout Tower
39:22 Scout Tower
39:22 Scout Tower
39:24 Scout Tower
39:43 Scout Tower
39:44 Scout Tower
39:55 Scout Tower
39:56 Scout Tower
39:58 Scout Tower
39:59 Scout Tower
40:02 Scout Tower
40:03 Scout Tower
40:03 Scout Tower
40:04 Scout Tower
40:04 Scout Tower
40:05 Scout Tower
40:06 Scout Tower
40:07 Scout Tower
40:07 Scout Tower
40:21 Guard Tower
40:57 Guard Tower
41:35 Scout Tower
41:36 Scout Tower
41:41 Scout Tower
41:42 Scout Tower
41:44 Scout Tower
41:45 Scout Tower
41:48 Scout Tower
41:49 Scout Tower
41:52 Keep
41:53 Guard Tower
42:10 Guard Tower
42:21 Guard Tower
42:57 Guard Tower
44:11 Scout Tower
44:49 Scout Tower
45:06 Guard Tower
45:07 Scout Tower
45:08 Scout Tower
45:09 Scout Tower
45:11 Scout Tower
45:12 Scout Tower
45:13 Scout Tower
45:14 Scout Tower
45:14 Scout Tower
45:15 Scout Tower
45:22 Guard Tower
45:24 Guard Tower
45:34 Scout Tower
45:37 Scout Tower
45:38 Scout Tower
45:39 Scout Tower
45:40 Scout Tower
45:40 Scout Tower
45:41 Scout Tower
45:42 Guard Tower
45:50 Scout Tower
45:51 Scout Tower
45:51 Scout Tower
45:52 Scout Tower
45:53 Scout Tower
45:54 Scout Tower
45:56 Scout Tower
45:57 Scout Tower
45:58 Scout Tower
45:58 Scout Tower
45:59 Scout Tower
45:59 Scout Tower
46:03 Arcane Vault
46:12 Guard Tower
46:15 Scout Tower
46:16 Scout Tower
46:18 Guard Tower
46:23 Scout Tower
46:25 Scout Tower
46:26 Scout Tower
46:36 Guard Tower
47:02 Guard Tower
47:05 Guard Tower
47:07 Scout Tower
47:07 Scout Tower
47:08 Scout Tower
47:09 Scout Tower
47:10 Scout Tower
47:11 Scout Tower
47:16 Guard Tower
47:17 Scout Tower
47:18 Scout Tower
47:53 Guard Tower
48:11 Guard Tower
48:14 Guard Tower
48:14 Guard Tower
49:27 Scout Tower
49:28 Scout Tower
50:09 Guard Tower
50:12 Scout Tower
50:25 Scout Tower
51:41 Scout Tower
51:43 Scout Tower
51:43 Scout Tower
51:44 Scout Tower
51:45 Scout Tower
51:52 Scout Tower
52:01 Scout Tower
52:02 Scout Tower
52:02 Scout Tower
52:04 Scout Tower
52:05 Scout Tower
52:17 Scout Tower
52:18 Scout Tower
52:19 Scout Tower
52:20 Scout Tower
52:22 Guard Tower
52:30 Scout Tower
52:31 Scout Tower
52:32 Scout Tower
52:32 Scout Tower
52:34 Guard Tower
52:38 Scout Tower
52:39 Scout Tower
52:40 Scout Tower
52:41 Scout Tower
53:04 Guard Tower
53:07 Guard Tower
55:16 Guard Tower
55:34 Arcane Tower
56:37 Blacksmith
57:28 Scout Tower
57:29 Scout Tower
57:30 Scout Tower
57:34 Scout Tower
57:34 Scout Tower
57:35 Scout Tower
57:36 Scout Tower
57:36 Scout Tower
57:56 Guard Tower
57:58 Scout Tower
58:01 Scout Tower
58:04 Guard Tower
58:07 Scout Tower
58:08 Scout Tower
58:21 Scout Tower
58:22 Scout Tower
58:23 Scout Tower
58:24 Scout Tower
58:24 Scout Tower
58:26 Scout Tower
58:27 Scout Tower
58:27 Scout Tower
58:28 Scout Tower
58:32 Guard Tower
58:53 Guard Tower
58:54 Scout Tower
59:07 Guard Tower
59:59 Guard Tower
60:22 Arcane Tower
61:27 Arcane Tower
62:32 Arcane Tower
» items
| Scroll of Regeneration | 16 | |
| Staff of Sanctuary | 2 | |
| Scroll of Town Portal | 9 | |
| Lesser Clarity Potion | 3 | |
| Potion of Healing | 2 | |
| Orb of Lightning | 2 | |
| Healing Salve | 1 | |
| Ankh of Reincarnation | 2 | |
| Ice Shard | 1 | |
| Belt of Giant Strength +6 | 1 | |
| Runed Bracers | 1 | |
| Boots of Quel'Thalas +6 | 1 | |
| Mana Stone | 1 | |
42 total
TIMG4STRok (
green | 79 APM | 5314 actions | 67:40)
5 Blood Mage
3 Flame Strike
2 Siphon Mana
4 Pandaren Brewmaster
2 Breath of Fire
2 Drunken Haze
» actions
| Assign group hotkey | 20 | |
| Basic commands | 61 | |
| Build / train | 205 | |
| ESC pressed | 2 | |
| Enter build submenu | 108 | |
| Enter hero's abilities submenu | 9 | |
| Give item / drop item | 4 | |
| Remove unit from queue | 3 | |
| Right click | 2545 | |
| Select / deselect | 451 | |
| Select group hotkey | 1439 | |
| Use ability | 467 | |
5314 total
» units
» upgrades
| Magic Sentry | 1 | |
| Masonry | 3 | |
| Cloud | 1 | |
| Gunpowder | 3 | |
| Armor | 3 | |
| Swords | 2 | |
| Animal War Training | 1 | |
| Lumber Harvesting | 2 | |
| Fragmentation Shards | 1 | |
| Flare | 1 | |
| Sorceress Training | 2 | |
| Priest Training | 2 | |
| Storm Hammers | 1 | |
| Control Magic | 0 | |
| Long Rifles | 0 | |
| Defend | 0 | |
| Plating | 1 | |
| Barrage | 1 | |
25 total
» buildings
| Altar of Kings | 2 | |
| Farm | 12 | |
| Lumber Mill | 1 | |
| Scout Tower | 256 | |
| Arcane Tower | 1 | |
| Guard Tower | 73 | |
| Arcane Vault | 1 | |
| Keep | 2 | |
| Arcane Sanctum | 1 | |
| Town Hall | 1 | |
| Castle | 1 | |
| Blacksmith | 1 | |
| Gryphon Aviary | 3 | |
| Barracks | 1 | |
| Workshop | 2 | |
358 total
» build order
00:11 Altar of Kings
00:23 Farm
00:48 Lumber Mill
01:04 Scout Tower
01:32 Arcane Tower
01:43 Scout Tower
01:56 Farm
02:37 Guard Tower
02:52 Scout Tower
03:59 Guard Tower
04:05 Scout Tower
04:06 Scout Tower
04:07 Scout Tower
04:10 Arcane Vault
04:17 Farm
04:17 Farm
04:18 Farm
04:24 Farm
04:25 Farm
04:25 Farm
04:26 Farm
04:27 Farm
04:28 Farm
04:43 Guard Tower
04:54 Scout Tower
04:55 Scout Tower
04:56 Scout Tower
04:57 Scout Tower
04:58 Scout Tower
04:59 Scout Tower
04:59 Scout Tower
05:00 Scout Tower
05:01 Scout Tower
05:01 Scout Tower
05:03 Scout Tower
05:03 Scout Tower
05:05 Scout Tower
05:06 Scout Tower
05:06 Scout Tower
06:22 Guard Tower
06:24 Keep
06:28 Guard Tower
06:45 Guard Tower
07:59 Scout Tower
07:59 Scout Tower
08:00 Scout Tower
08:02 Scout Tower
08:03 Scout Tower
08:03 Scout Tower
08:04 Scout Tower
08:05 Scout Tower
08:07 Scout Tower
08:08 Scout Tower
08:09 Scout Tower
08:09 Scout Tower
08:10 Scout Tower
08:12 Scout Tower
08:13 Scout Tower
08:15 Scout Tower
08:20 Scout Tower
08:21 Scout Tower
08:23 Scout Tower
08:36 Guard Tower
09:31 Arcane Sanctum
09:38 Scout Tower
09:39 Scout Tower
09:40 Scout Tower
09:40 Scout Tower
09:56 Scout Tower
09:57 Scout Tower
09:58 Scout Tower
09:59 Scout Tower
09:59 Scout Tower
10:01 Scout Tower
10:01 Scout Tower
10:02 Scout Tower
10:09 Scout Tower
10:10 Scout Tower
10:10 Scout Tower
10:11 Scout Tower
10:31 Guard Tower
10:52 Scout Tower
10:52 Scout Tower
12:42 Guard Tower
13:18 Guard Tower
13:19 Scout Tower
13:21 Scout Tower
13:28 Scout Tower
13:31 Scout Tower
13:45 Guard Tower
14:00 Guard Tower
14:07 Guard Tower
14:46 Town Hall
14:53 Guard Tower
15:01 Scout Tower
15:11 Guard Tower
15:12 Guard Tower
15:15 Guard Tower
17:01 Guard Tower
17:02 Castle
17:05 Farm
17:09 Scout Tower
17:10 Scout Tower
17:11 Scout Tower
17:12 Scout Tower
17:13 Scout Tower
17:15 Scout Tower
17:16 Scout Tower
17:16 Scout Tower
18:14 Guard Tower
18:27 Guard Tower
18:42 Scout Tower
18:49 Guard Tower
18:55 Blacksmith
19:22 Guard Tower
19:38 Scout Tower
19:39 Scout Tower
19:40 Scout Tower
19:41 Scout Tower
19:41 Scout Tower
19:42 Scout Tower
19:43 Scout Tower
19:43 Scout Tower
19:44 Scout Tower
19:46 Scout Tower
19:47 Scout Tower
21:34 Gryphon Aviary
21:35 Gryphon Aviary
21:41 Guard Tower
23:06 Barracks
23:13 Scout Tower
23:13 Scout Tower
23:17 Scout Tower
23:24 Scout Tower
23:26 Scout Tower
23:27 Scout Tower
23:28 Scout Tower
23:29 Scout Tower
23:29 Scout Tower
23:30 Scout Tower
23:30 Scout Tower
23:30 Scout Tower
23:31 Scout Tower
23:31 Scout Tower
23:32 Scout Tower
24:08 Scout Tower
24:10 Scout Tower
24:10 Scout Tower
24:12 Scout Tower
24:15 Scout Tower
24:16 Scout Tower
24:17 Scout Tower
24:18 Scout Tower
24:18 Scout Tower
24:23 Scout Tower
24:41 Workshop
24:47 Guard Tower
24:53 Guard Tower
24:56 Guard Tower
24:59 Scout Tower
25:00 Scout Tower
25:01 Scout Tower
25:02 Scout Tower
25:03 Scout Tower
25:03 Scout Tower
25:04 Scout Tower
25:05 Scout Tower
25:06 Scout Tower
25:48 Scout Tower
25:49 Scout Tower
25:50 Scout Tower
25:51 Scout Tower
25:52 Scout Tower
25:59 Guard Tower
26:09 Guard Tower
26:13 Scout Tower
26:14 Scout Tower
26:15 Scout Tower
26:16 Scout Tower
26:16 Scout Tower
26:17 Scout Tower
26:18 Scout Tower
26:18 Scout Tower
26:19 Scout Tower
26:20 Scout Tower
26:21 Scout Tower
26:21 Scout Tower
26:26 Guard Tower
26:57 Guard Tower
27:36 Guard Tower
27:51 Guard Tower
28:01 Guard Tower
28:33 Guard Tower
28:52 Guard Tower
29:04 Guard Tower
29:04 Guard Tower
29:37 Guard Tower
29:39 Scout Tower
29:40 Scout Tower
29:41 Scout Tower
29:41 Scout Tower
29:43 Scout Tower
33:23 Scout Tower
33:25 Scout Tower
33:26 Scout Tower
33:27 Scout Tower
33:28 Scout Tower
33:29 Scout Tower
33:30 Scout Tower
33:31 Scout Tower
33:33 Scout Tower
33:43 Scout Tower
33:44 Scout Tower
33:45 Scout Tower
33:46 Scout Tower
33:47 Scout Tower
33:48 Scout Tower
33:49 Scout Tower
33:50 Scout Tower
33:51 Scout Tower
33:52 Scout Tower
33:54 Scout Tower
33:55 Scout Tower
34:22 Guard Tower
36:13 Guard Tower
36:18 Scout Tower
36:19 Scout Tower
36:20 Scout Tower
36:21 Scout Tower
36:22 Scout Tower
36:22 Scout Tower
36:22 Scout Tower
36:25 Guard Tower
36:29 Guard Tower
39:07 Guard Tower
39:09 Scout Tower
39:10 Scout Tower
39:11 Scout Tower
39:12 Scout Tower
39:13 Scout Tower
39:19 Guard Tower
39:47 Scout Tower
39:48 Scout Tower
39:49 Scout Tower
39:50 Scout Tower
39:50 Scout Tower
39:52 Scout Tower
39:52 Scout Tower
39:53 Scout Tower
39:54 Scout Tower
39:55 Scout Tower
39:55 Scout Tower
39:56 Scout Tower
40:02 Guard Tower
41:14 Guard Tower
41:20 Scout Tower
41:21 Scout Tower
41:21 Scout Tower
41:22 Scout Tower
41:23 Scout Tower
41:24 Scout Tower
41:26 Scout Tower
41:26 Scout Tower
41:27 Scout Tower
41:58 Keep
42:27 Guard Tower
42:40 Guard Tower
42:46 Gryphon Aviary
42:47 Workshop
43:13 Guard Tower
43:15 Scout Tower
43:17 Scout Tower
43:20 Scout Tower
43:20 Scout Tower
43:21 Scout Tower
43:21 Scout Tower
43:22 Scout Tower
43:27 Guard Tower
44:07 Guard Tower
44:32 Guard Tower
44:59 Guard Tower
45:09 Guard Tower
45:13 Scout Tower
45:13 Scout Tower
45:14 Scout Tower
45:14 Scout Tower
45:15 Scout Tower
45:16 Scout Tower
45:16 Scout Tower
45:17 Scout Tower
45:17 Scout Tower
45:18 Scout Tower
45:44 Guard Tower
45:48 Guard Tower
46:00 Guard Tower
46:01 Guard Tower
46:04 Scout Tower
46:05 Scout Tower
46:05 Scout Tower
46:06 Scout Tower
46:07 Scout Tower
46:07 Scout Tower
46:12 Scout Tower
46:13 Scout Tower
46:14 Scout Tower
46:17 Guard Tower
46:54 Guard Tower
47:07 Scout Tower
47:08 Scout Tower
47:09 Scout Tower
47:10 Scout Tower
47:10 Scout Tower
47:11 Scout Tower
47:11 Scout Tower
47:12 Scout Tower
48:13 Guard Tower
48:17 Guard Tower
49:02 Altar of Kings
49:16 Guard Tower
49:20 Scout Tower
49:21 Scout Tower
49:22 Scout Tower
49:23 Scout Tower
49:24 Scout Tower
49:39 Guard Tower
50:10 Guard Tower
50:47 Scout Tower
50:48 Scout Tower
50:49 Scout Tower
50:50 Scout Tower
50:52 Scout Tower
50:52 Scout Tower
50:53 Scout Tower
50:53 Scout Tower
51:24 Guard Tower
53:01 Guard Tower
53:09 Guard Tower
53:10 Guard Tower
53:13 Scout Tower
53:13 Scout Tower
53:14 Scout Tower
53:15 Scout Tower
53:16 Scout Tower
53:17 Scout Tower
53:17 Scout Tower
53:18 Scout Tower
53:19 Scout Tower
53:20 Scout Tower
53:22 Scout Tower
53:23 Scout Tower
53:24 Scout Tower
53:25 Scout Tower
53:26 Scout Tower
53:28 Scout Tower
54:11 Guard Tower
54:47 Guard Tower
56:43 Guard Tower
» items
| Lesser Clarity Potion | 5 | |
| Belt of Giant Strength +6 | 1 | |
| Staff of Sanctuary | 4 | |
| Potion of Healing | 5 | |
| Scroll of Town Portal | 10 | |
| Sobi Mask | 1 | |
| Robe of the Magi +6 | 1 | |
| Alleria's Flute of Accuracy | 1 | |
| Inferno Stone | 1 | |
| Potion of Mana | 5 | |
| Runed Bracers | 1 | |
| Orb of Lightning | 4 | |
| Scroll of Regeneration | 2 | |
41 total
Chat log
(00:17 / All) TIMG4STRok: i will lay haste and make waste posthumously
(00:29 / All) RGV_Owner: O_O
(00:34 / All) BEAR_AND: empty ur sphincter when u die he means
(01:27 / Allies) TIMG4STRok: lets make a base baby :)
(02:31 / All) iggy_the_fisk: LOL noob
(02:33 / All) iggy_the_fisk: hey purp noob
(02:37 / All) iggy_the_fisk: quiiit
(03:00 / All) iggy_the_fisk: owned bitch
(03:04 / All) RGV_Owner: lol
(03:13 / All) RGV_Owner: yes you owned yourself
(03:23 / All) iggy_the_fisk: the damage... was reversed???
(03:40 / Allies) BEAR_AND: *sucks ur dilz*
(03:53 / All) TIMG4STRok: I EAT YOUR SGHIT
(04:31 / All) RGV_Owner: lawl what noobs
(04:38 / Allies) TIMG4STRok: brbs
(05:42 / All) iggy_the_fisk: quit lol
(06:30 / Allies) bLinn: f*ck some sh*t up
(06:34 / Allies) BEAR_AND: sh*t
(06:35 / Allies) iggy_the_fisk: gold
(06:38 / All) BEAR_AND: fuc*
(06:41 / All) BEAR_AND: *hit
(06:49 / All) TIMG4STRok: DIE RAD???
(07:10 / All) iggy_the_fisk: damn owned lmao
(07:39 / All) iggy_the_fisk: lol owned bitch
(07:50 / All) RGV_Owner: hmm
(07:58 / All) RGV_Owner: with pure mass aoe
(08:02 / All) RGV_Owner: you managed to barely hurt
(08:03 / All) RGV_Owner: one person
(08:15 / All) RGV_Owner: totally owned
(08:18 / All) iggy_the_fisk: maybe i should change my name to owner
(08:26 / All) rEvErSeDaMaGe: or jill
(08:32 / All) RGV_Owner: lawl
(08:39 / All) BEAR_AND: the fuckign name of my login on my computer is OWNER
(08:40 / All) BEAR_AND: bitch
(08:51 / All) bLinn: mine is snorkanoner
(09:02 / Allies) TIMG4STRok: a yorm bolt? from the king of teckenomvandlingstabeller
(10:43 / All) TIMG4STRok: WOW gay much???
(11:31 / All) TIMG4STRok: my name blue, i try to surround but i lose errthing
(11:41 / All) BEAR_AND: good Surroundz
(12:37 / All) BEAR_AND: LMAO
(12:44 / All) RGV_Owner: ?
(12:46 / All) RGV_Owner: no exp for you
(12:47 / All) RGV_Owner: noob
(12:50 / All) BEAR_AND: no hero for you
(12:51 / All) BEAR_AND: noob
(12:59 / All) RGV_Owner: no problem for me either
(14:32 / All) TIMG4STRok: sno:k that oner bro
(17:16 / All) iggy_the_fisk: quit noobes
(18:00 / All) TIMG4STRok: FLEEteckenomvandlingstabeller
(18:33 / Allies) TIMG4STRok: teckenomvandlingstabeller
(18:57 / Allies) iggy_the_fisk: tecken = character, sign
(19:05 / Allies) iggy_the_fisk: omvandling = conversion, transformation
(19:07 / Allies) iggy_the_fisk: tabeller = chart, table
(19:09 / All) TIMG4STRok: i hail from a little willage called teckenomvandlingstabeller
(20:08 / Allies) TIMG4STRok: blinnstorpsvagen
(20:42 / All) BEAR_AND: blinnstoerpsvagen
(20:45 / All) TIMG4STRok: ANDERSTORPSVAAAAAAAAAGEEEEEEEEEEENNNNNNNNN
(21:21 / All) TIMG4STRok: sap ? i think nautillus
(23:11 / Allies) iggy_the_fisk: kvantifierbar
(24:17 / All) iggy_the_fisk: quite noobes
(25:11 / All) TIMG4STRok: all quite on the western fotn
(25:36 / Allies) TIMG4STRok: most gratiously
(26:37 / Allies) iggy_the_fisk: golde
(26:53 / Allies) iggy_the_fisk: bear_and hates killing heroes
(26:54 / Allies) iggy_the_fisk: so much
(27:17 / Allies) iggy_the_fisk: goold
(27:18 / Allies) iggy_the_fisk: gooold
(27:42 / Allies) TIMG4STRok: a.... dyrad?
(27:45 / Allies) iggy_the_fisk: a gold
(27:58 / Allies) iggy_the_fisk: gooold
(29:15 / Allies) TIMG4STRok: a shiite amount of towers
(29:20 / All) BEAR_AND: nnnoooooOOOOoooOpe
(31:57 / All) TIMG4STRok: splat!!!
(32:03 / All) iggy_the_fisk: kablorch
(32:31 / All) iggy_the_fisk: Noobs why havent u left
(34:22 / Allies) BEAR_AND: ƒ
(34:28 / Allies) TIMG4STRok: ƒ
(34:30 / Allies) BEAR_AND: §
(34:35 / Allies) bLinn: ?
(35:26 / Allies) TIMG4STRok: o
(35:29 / Allies) TIMG4STRok: o
(35:34 / Allies) TIMG4STRok: o
(37:54 / All) iggy_the_fisk: Phyrae
(37:56 / Allies) iggy_the_fisk: why u so noob?
(38:00 / All) iggy_the_fisk: why u so noob?
(38:30 / All) iggy_the_fisk: Sweet dyrads
(38:35 / All) iggy_the_fisk: what u gon do
(38:50 / All) iggy_the_fisk: sweet dyradsurrounD
(38:52 / All) iggy_the_fisk: King of micro
(39:27 / All) TIMG4STRok: snork a bone.r
(41:06 / All) iggy_the_fisk: bye noobs
(41:08 / All) iggy_the_fisk: quit
(41:10 / All) iggy_the_fisk: quit
(41:11 / All) BEAR_AND: begone
(42:59 / All) iggy_the_fisk: u havent quit???
(43:07 / All) BEAR_AND: what are u doing with yuour LIFE
(45:01 / All) iggy_the_fisk: quit noobs?
(46:30 / All) iggy_the_fisk: yoyo noobs
(46:33 / All) iggy_the_fisk: how abbout quiting
(46:46 / All) bLinn: save us all a lil' time here.
(47:03 / All) rEvErSeDaMaGe: u guys suck
(47:08 / All) BEAR_AND: 4v4?
(47:11 / All) BEAR_AND: o wait.........................
(47:14 / All) rEvErSeDaMaGe: how bout 1v1?
(47:16 / All) TIMG4STRok: how come u losed?
(47:23 / All) iggy_the_fisk: yo why u lose
(47:26 / All) rEvErSeDaMaGe: all that gold and u cant win yet?
(47:42 / All) bLinn: foolish noop that is not why we play :)
(48:10 / All) TIMG4STRok: u suck muahaha
(48:23 / All) RGV_Owner: lol
(49:31 / All) iggy_the_fisk: *makes dyrads*
(51:18 / All) TIMG4STRok: u suckers
(51:19 / All) iggy_the_fisk: sweet dyradmicro
(51:21 / All) iggy_the_fisk: surround the towers
(51:23 / All) bLinn: LOL
(51:26 / All) iggy_the_fisk: pink u the worst
(51:27 / Allies) iggy_the_fisk: quit this game
(51:31 / All) bLinn: NOW U WILL DIE AND MY COCK U WILL SUCK
(51:31 / All) TIMG4STRok: haha i fall off my chair, laughing a noob
(51:46 / All) TIMG4STRok: POSTteckenomvandlingstabeller
(51:50 / All) bLinn: wait; wait; wait- u motherfucker
(52:00 / All) BEAR_AND: stop the game - uberabaa_mg
(52:18 / All) bLinn: "stop the game" immortalised by uberabaa_mg
(52:46 / All) bLinn: leave noobs
(52:47 / All) BEAR_AND: Lmfao!!!!!!!!!!!!!!!!!!!!
(52:48 / All) TIMG4STRok: Reverseownage.
(52:49 / All) iggy_the_fisk: finally
(52:49 / All) bLinn: suck my dick on teh way out
(52:57 / All) iggy_the_fisk: *makes tanks*
(53:00 / All) bLinn: reverse ownage.. this is standard ownage- he is always the onw being ownt.
(53:15 / All) iggy_the_fisk: blue
(53:20 / All) iggy_the_fisk: why do you suck so much dick BITCH
(53:47 / All) TIMG4STRok: i feel sorry for u
(54:01 / All) iggy_the_fisk: suck my fucken dikkk
(54:18 / All) TIMG4STRok: LICKS my ball
(55:20 / All) iggy_the_fisk: QUIT NOOBS
(55:27 / All) bLinn: ur just embarrassing urself at this point rly.
(56:02 / All) TIMG4STRok: i live bye the sword...die by the diearad
(56:08 / All) TIMG4STRok: NOT
(56:48 / Allies) TIMG4STRok: serfin
(56:49 / Allies) bLinn: serfin' usa
(56:51 / All) iggy_the_fisk: who's a noob is it u?
(56:58 / All) bLinn: it is of no matter..
(57:03 / All) bLinn: u will die by my hand this day.
(57:11 / All) TIMG4STRok: bhow many dicks can i stuff in my mouth? I dare say not as much as thee.
(57:27 / All) TIMG4STRok: I CLICKED MY TP - dirtmcgirt
(58:40 / All) TIMG4STRok: hahaha foeled u
(58:47 / All) TIMG4STRok: fowl scum.
(58:47 / All) bLinn: bunch of fuckin poaleles
(58:57 / All) bLinn: brailled & blinned.
(58:59 / All) BEAR_AND: u ever been brailled before?
(60:28 / All) BEAR_AND: a legion of morters shoots at ye
(60:31 / All) BEAR_AND: can u micro faster than me?
(60:35 / All) iggy_the_fisk: RGV_Owner
(60:36 / All) iggy_the_fisk: damn u suck
(60:40 / All) TIMG4STRok: AINT NEVER SEEN MICRO LIKE THAT BEFORE, BOYS.L
(60:42 / All) bLinn: should have called urself
(60:46 / All) bLinn: RGV_Sucker
(61:03 / All) BEAR_AND: u guys like losing?
(61:11 / All) bLinn: not as much as i like snoozing... zzz
(61:40 / All) iggy_the_fisk: LOL owner
(61:42 / All) iggy_the_fisk: biggest noob
(61:46 / All) iggy_the_fisk: where ur peons fatass
(61:52 / All) TIMG4STRok: ADYRAD?!?!?!?!?!?!
(62:13 / All) TIMG4STRok: hawkstorpvyrms
(62:20 / All) bLinn: blinnstorpvagen
(62:25 / All) TIMG4STRok: anDERSTORPSVAAAAAAAAAGENNNNNNNS
(62:48 / All) BEAR_AND: U DONT KNOW SHIT ABOUT TOWER!!!!!!!!!!!!!
(63:14 / All) RGV_Owner: blue was just a huge ass noob
(63:18 / All) BEAR_AND: LMAO!
(63:23 / All) TIMG4STRok: so was purple... and yellow... and pink...
(63:24 / All) bLinn: ur whole team
(63:27 / All) bLinn: fits that description
(63:33 / All) TIMG4STRok: FIAL
(63:57 / All) TIMG4STRok: a .... DYRAD?!
(64:02 / All) iggy_the_fisk: a noob?
(64:21 / All) TIMG4STRok: i make escape.
(65:21 / Allies) iggy_the_fisk: yo noobs
(65:22 / All) iggy_the_fisk: sweet coil
(66:14 / All) TIMG4STRok: POW
(66:15 / All) TIMG4STRok: BUH BYE
(66:57 / All) iggy_the_fisk: DAMN BLUE YOU SUCK
(67:05 / All) TIMG4STRok: FAIL
(67:14 / All) iggy_the_fisk: LEAVE NOOBS
(67:22 / All) BEAR_AND: thanks, tanks
(67:25 / All) BEAR_AND: thanks.
(67:30 / All) RGV_Owner: all 3 allies complete noobs
(67:33 / All) RGV_Owner: but not worse than you